Map: Acid Plant LE

Players

Nordy - Winner!

  • Race: Protoss Protoss
  • League: Diamond
  • Spawn Location: 11:00

MGAdam

  • Race: Zerg Zerg
  • League: Diamond
  • Spawn Location: 5:00

VOD

Have the link to the VOD?

Description

Time

  • Played on: July 24, 2018, 3:33 p.m.
  • Length: 12:38
Show
View Real Time Build Order
Export as new Build Order

Nordy Protoss - Winner!

Build Orders: 1 Gate Expand, Oracle Opening, Phoenix Opening, Zealot Archon 

Get SALT Encoding   

  12  0:01  Probe  
  14  0:14  Probe  
  14  0:20  Pylon  
  14  0:26  Probe  
  15  0:35  Probe  
  15  0:39  Gateway  
  16  0:43  Probe  
  16  0:49  Assimilator  
  17  0:53  Probe  
  18  1:05  Probe  
  19  1:17  Probe  
  20  1:25  Nexus  
  20  1:36  Cybernetics Core  
  20  1:42  Assimilator  
  20  1:44  Probe  
  21  1:51  Pylon  
  21  1:56  Probe  
  22  2:04  Adept  
  22  2:09  Probe  
  25  2:17  Stargate  
  25  2:21  Probe  
  26  2:27  Warp Gate  
  26  2:30  Adept  
  26  2:35  Probe  
  26  2:36  Probe  
  28  2:43  Probe  
  28  2:44  Probe  
  32  2:52  Probe  
  32  2:55  Probe, Gateway  
  34  3:01  Oracle  
  34  3:04  Probe  
  36  3:14  Probe  
  36  3:17  Sentry  
  36  3:18  Probe  
  40  3:24  Pylon  
  40  3:26  Probe  
  41  3:30  Probe  
  42  3:34  Phoenix  
  42  3:38  Probe  
  45  3:42  Probe  
  45  3:45  Gateway  
  46  3:50  Probe  
  46  3:52  Assimilator  
  46  3:55  Pylon  
  47  3:56  Assimilator, Probe  
  47  4:02  Probe  
  49  4:08  Probe  
  50  4:16  Probe  
  51  4:24  Probe  
  51  4:28  Twilight Council  
  51  4:29  Gateway  
  51  4:30  Probe, Gateway  
  53  4:33  Robotics Facility  
  53  4:37  Probe  
  54  4:46  Adept x2  
  58  4:53  Probe  
  58  4:54  Probe  
  60  5:00  Charge  
  60  5:03  Nexus  
  60  5:06  Pylon  
  61  5:07  Probe x2  
  61  5:10  Pylon  
  62  5:15  Templar Archives  
  62  5:19  Forge  
  62  5:24  Probe x2  
  62  5:25  Observer  
  62  5:26  Protoss Ground Weapons Level 1, Adept x2  
  69  5:30  Shield Battery  
  69  5:33  Pylon  
  69  5:39  Probe x2  
  71  5:44  Assimilator  
  71  5:49  Psionic Storm  
  71  5:50  Gateway  
  71  5:51  Gateway  
  71  5:53  Probe x2  
  71  5:56  High Templar x2  
  77  6:05  Probe  
  78  6:14  Probe x2  
  78  6:15  Probe  
  81  6:22  Probe x2  
  81  6:23  Probe  
  81  6:26  Immortal  
  81  6:31  Probe  
  81  6:32  Probe x2  
  88  6:33  High Templar  
  88  6:34  Zealot x3  
  99  6:44  Probe  
  100  6:48  Probe  
  101  7:04  Assimilator  
  101  7:11  Pylon  
  101  7:12  Pylon  
  101  7:15  Pylon  
  101  7:17  Robotics Facility  
  101  7:26  Immortal  
  101  7:29  Nexus, Probe x3  
  108  7:30  Protoss Ground Weapons Level 2, Pylon  
  108  7:32  Pylon  
  108  7:34  High Templar x2, Pylon  
  108  7:35  Pylon, High Templar x2  
  108  7:36  Zealot x3  
  122  7:38  Archon  
  122  7:39  Archon  
  122  7:41  Probe  
  123  7:45  Gateway  
  123  7:46  Probe x2  
  123  7:47  Gateway  
  123  7:49  Gateway  
  125  7:53  Probe  
  125  7:54  Immortal  
  125  7:58  Immortal  
  126  8:01  Probe  
  131  8:08  Zealot x4  
  131  8:09  Zealot x2  
  147  8:19  Forge  
  147  8:22  Pylon  
  147  8:24  Immortal  
  147  8:26  Gateway  
  147  8:32  High Templar x2  
  147  8:33  Zealot  
  157  8:48  Zealot x2, Archon  
  157  8:49  Zealot x2  
  165  8:56  Immortal  
  169  9:03  Immortal  
  169  9:04  Zealot  
  175  9:18  High Templar  
  175  9:19  High Templar  
  179  9:29  Pylon  
  179  9:32  Pylon  
  179  9:33  Archon  
  179  9:35  Pylon  
  179  9:43  Gateway  
  179  9:44  Oracle, Gateway  
  179  9:46  Gateway  
  179  9:49  Gateway  
  179  9:52  Gateway  
  166  9:54  Gateway  
  166  9:55  Zealot x4  
  166  9:56  Zealot x4  
  166  9:58  Gateway  
  164  10:08  Warp Prism  
  164  10:10  Immortal  
  164  10:11  Zealot  
  164  10:12  Zealot  
  174  10:17  Zealot x5  
  174  10:20  Probe x3  
  174  10:21  Probe  
  186  10:22  Zealot  
  186  10:25  Observer  
  186  10:31  Zealot  
  186  10:32  Zealot  
  180  10:44  Immortal  
  185  10:50  Observer  
  170  11:11  Observer  
  170  11:16  Zealot x4  
  170  11:17  Zealot x5  
  170  11:18  Zealot  
  168  11:38  High Templar x4  
  168  11:39  High Templar x6  
  188  11:42  Archon x3  
  188  11:43  Archon x2  
  188  11:44  Zealot x2  
  188  11:45  Zealot x2  
  188  12:06  Zealot x2  
  188  12:07  Zealot x3  
  161  12:17  Zealot x6  
  160  12:24  High Templar  
  160  12:25  High Templar x4  
Show
View Real Time Build Order
Export as new Build Order

MGAdam Zerg 

Build Orders: Hatch First 

Get SALT Encoding   

  12  0:00  Drone  
  13  0:12  Overlord  
  13  0:17  Drone  
  14  0:30  Drone x2  
  14  0:34  Drone  
  17  0:53  Hatchery  
  17  0:56  Drone  
  17  1:02  Drone  
  18  1:09  Extractor  
  17  1:16  Spawning Pool  
  16  1:21  Drone  
  16  1:22  Drone  
  18  1:33  Drone  
  18  1:39  Overlord  
  19  2:05  Queen x2  
  19  2:06  Zergling x6  
  26  2:14  Drone  
  27  2:16  Metabolic Boost  
  27  2:35  Hatchery  
  26  2:43  Drone x3  
  29  2:52  Queen  
  29  2:55  Drone  
  32  3:00  Drone  
  32  3:01  Drone  
  32  3:04  Drone  
  34  3:09  Overlord  
  34  3:14  Overlord  
  34  3:24  Queen, Extractor  
  36  3:31  Drone x4  
  36  3:33  Drone  
  41  3:39  Overlord  
  41  3:40  Drone  
  42  3:51  Overlord  
  42  4:00  Queen  
  44  4:20  Drone x4  
  44  4:21  Drone x12  
  44  4:22  Spore Crawler  
  59  4:25  Spore Crawler  
  58  4:44  Drone x5  
  63  4:46  Drone x3, Extractor x2  
  63  4:49  Spore Crawler  
  63  4:58  Overlord x2  
  63  5:02  Roach Warren, Lair  
  62  5:11  Drone x4  
  66  5:15  Overlord  
  66  5:16  Overlord x2  
  66  5:29  Extractor  
  66  5:31  Drone x4, Extractor  
  66  5:32  Drone  
  66  5:33  Drone x3  
  72  5:48  Overlord  
  72  5:49  Overlord x4  
  71  6:17  Glial Reconstitution  
  71  6:18  Hydralisk Den  
  70  6:21  Evolution Chamber  
  70  6:22  Evolution Chamber, Drone x2  
  70  6:23  Drone x2  
  70  6:24  Drone x2  
  74  6:28  Roach  
  74  6:29  Roach x4  
  84  6:33  Overseer  
  84  6:39  Roach x2  
  88  6:42  Roach  
  90  7:01  Roach x9  
  108  7:18  Zerg Missile Weapons Level 1  
  108  7:19  Zerg Ground Armor Level 1  
  110  7:23  Roach x6  
  110  7:24  Roach x5  
  130  7:31  Hatchery  
  129  7:37  Overlord x5  
  129  7:59  Hydralisk  
  129  8:00  Hydralisk x12  
  155  8:06  Grooved Spines  
  155  8:12  Infestation Pit  
  154  8:13  Extractor  
  154  8:16  Drone x3  
  154  8:17  Drone  
  157  8:28  Extractor  
  157  8:29  Extractor  
  155  8:34  Drone x3  
  155  8:35  Drone x3  
  161  8:53  Overlord x3  
  163  8:55  Roach  
  163  8:56  Roach x11  
  185  9:12  Zergling x2  
  185  9:13  Zergling x8  
  190  9:24  Hive  
  190  9:25  Zerg Ground Armor Level 2, Zerg Missile Weapons Level 2  
  190  9:28  Muscular Augments  
  190  9:29  Queen  
  124  10:09  Roach  
  124  10:10  Roach x14  
  132  10:22  Hydralisk  
  132  10:23  Hydralisk x3  
  137  10:36  Hydralisk x2  
  137  10:37  Hydralisk x2  
  91  11:20  Roach  
  91  11:21  Roach x14  
  121  11:31  Roach  
  109  11:43  Hydralisk x6  
  109  11:44  Hydralisk x4  
Tags
 
Add a new tag
Caveats
  • Supply blocks, unpowered buildings, or Contaminate may cause inaccurate times.
  • Supply counts are checked every 10 seconds.